AoeStats
← GAX | Urubu

Arena

507410359Analyzed
3v3 RM · 15d ago on Sep 18, 2026· 46m 43s· 6 players
Game mode
Random Map
Map size
Normal (6 player)
Population
200
Speed
Normal
Resources
Standard
Victory
Conquest
Starting age
Dark Age
Ending age
Imperial Age
RankedLock teamsTeams togetherTeam positionsShared explorationLock speedFull tech treeHidden civsTurbo modeCheats
Victory
Defeat
🇨🇱 Wei · Chile
1720
+8
🇨🇱 Britons · Chile
1479
+17
🇨🇱 Malay · Chile
1368
+23
🇧🇷 Hindustanis · Brazil
1617
-20
🇧🇷 Inca · Brazil
1613
-20
🇧🇷 Burmese · Brazil
1310
-8
GAX | toooasty
12:10 Feudal Age
15:49 Castle Age
14:23 Scale Mail Armor
14:29 Man-at-Arms
15:23 Horse Collar
16:37 Forging
16:02 Long Swordsman
17:52 Forging
19:45 Arson
20:04 Squires
20:23 Chain Mail Armor
22:18 Arson
28:11 Gambesons
30:41 Loom
31:32 Wheelbarrow
31:28 Atonement
35:46 Imperial Age
34:39 Husbandry
34:49 Bloodlines
34:41 Manipur Cavalry
34:48 Scale Barding Armor
36:15 Chain Barding Armor
36:30 Iron Casting
37:30 Elite Battle Elephant
38:26 Hand Cart
39:31 Capped Ram
40:54 Town Watch
42:32 Two-Handed Swordsman
45:13 Light Cavalry
GAX | Urubu
10:10 Feudal Age
13:44 Castle Age
11:33 Double-Bit Axe
12:22 Horse Collar
15:24 Wheelbarrow
17:27 Loom
17:58 Bow Saw
21:50 Heavy Plow
22:31 Gold Mining
22:32 Stone Mining
24:34 Hand Cart
24:05 Town Watch
25:03 Town Patrol
26:00 Scale Barding Armor
25:55 Scale Mail Armor
26:06 Forging
28:42 Imperial Age
26:41 Squires
27:09 Chain Barding Armor
28:08 Husbandry
28:19 Bloodlines
29:35 Chain Mail Armor
29:31 Forging
29:45 Conscription
28:52 Heavy Camel Rider
32:25 Plate Barding Armor
33:40 Imperial Camel Rider
35:54 Coinage
36:16 Elite Ghulam
39:45 Chemistry
38:48 Shatagni
40:17 Iron Casting
42:11 Padded Archer Armor
Marvin Saturnino
6:15 Loom
8:15 Feudal Age
9:50 Double-Bit Axe
18:15 Fletching
22:35 Castle Age
21:10 Town Watch
23:14 Bodkin Arrow
23:41 Bow Saw
24:23 Crossbowman
32:14 Imperial Age
30:51 Horse Collar
31:34 Masonry
32:59 Bracer
38:38 Chemistry
40:31 Ballistics
40:07 Murder Holes
44:38 Wheelbarrow
44:07 Arbalester
46:41 Thumb Ring
[CL]Andrectho
9:53 Feudal Age
13:38 Castle Age
11:39 Double-Bit Axe
12:21 Horse Collar
13:35 Town Watch
14:26 Wheelbarrow
15:50 Bow Saw
17:31 Loom
20:59 Fletching
22:58 Bodkin Arrow
23:39 Padded Archer Armor
24:09 Loom
27:49 Hand Cart
27:59 Heavy Plow
28:13 Gold Mining
33:13 Imperial Age
33:25 Leather Archer Armor
34:56 Chemistry
34:16 Ballistics
33:58 Bracer
35:35 Ring Archer Armor
35:35 Stone Mining
36:28 Coinage
35:32 Elite Longbowman
36:55 Gold Shaft Mining
37:34 Scale Mail Armor
37:44 Forging
36:55 Pikeman
37:35 Squires
38:18 Halberdier
39:14 Chain Mail Armor
39:55 Iron Casting
40:38 Plate Mail Armor
40:33 Conscription
42:37 Blast Furnace
43:35 Caravan
47:21 Yeomen
Darth Maul
12:02 Feudal Age
12:58 Double-Bit Axe
12:53 Horse Collar
15:41 Castle Age
13:36 Gold Mining
14:54 Stone Mining
16:54 Bow Saw
17:28 Wheelbarrow
22:02 Heavy Plow
23:27 Hand Cart
23:12 Loom
26:01 Loom
29:29 Imperial Age
26:45 Town Watch
28:40 Scale Barding Armor
28:45 Forging
29:06 Husbandry
29:16 Bloodlines
30:24 Ballistics
31:11 Chemistry
30:33 Conscription
31:06 Chain Barding Armor
31:22 Iron Casting
32:22 Ming Guang Armor
32:12 Fletching
32:22 Scale Mail Armor
31:55 Pikeman
32:36 Squires
32:23 Halberdier
34:06 Blast Furnace
34:55 Chain Mail Armor
36:05 Fletching
35:54 Man-at-Arms
36:54 Elite Tiger Cavalry
37:30 Bodkin Arrow
44:18 Masonry
45:30 Tuntian
45:32 Bracer
45:59 Padded Archer Armor
46:36 Hoardings
46:55 Treadmill Crane
[CL] ~C H R I $-
11:30 Feudal Age
11:30 Loom
12:36 Fletching
14:22 Double-Bit Axe
16:43 Horse Collar
23:12 Castle Age
21:30 Gold Mining
24:55 Bow Saw
25:38 Forging
31:29 Iron Casting
31:48 Gold Shaft Mining
38:58 Imperial Age
37:30 Heavy Plow
39:34 Crossbowman
40:22 Thumb Ring
40:20 Padded Archer Armor
40:16 Bodkin Arrow
40:27 Arbalester
42:44 Chemistry
42:05 Ballistics
43:16 Leather Archer Armor
44:15 Bracer
Connection lost

Rejoining the realm…

Still unreachable

The connection could not be restored.

Session expired

The server has moved on; the page needs a fresh start.